 Dungeon Crawl Stone Soup version 0.24-a0-350-g5b3daab8ba (webtiles) character file.

Game seed: 8742215862615067128

95 Lanoc the Chopper (level 4, -6/38 HPs)
             Began as a Hill Orc Gladiator on May 23, 2019.
             Mangled by Crazy Yiuf
             ... wielding a +3 quarterstaff of chaos
              (15 damage)
             ... on level 2 of the Dungeon.
             The game lasted 00:02:13 (1334 turns).

Lanoc the Chopper (Hill Orc Gladiator)              Turns: 1334, Time: 00:02:15

Health: -6/38      AC:  4    Str: 14 (16) XL:     4   Next: 66%
Magic:  4/4        EV: 12    Int:  6 (8)  God:
Gold:   82         SH:  0    Dex: 11 (13) Spells: 3/3 levels left

rFire    . . .     SeeInvis .   a - +0 war axe
rCold    . . .     Gourm    .   (no shield)
rNeg     . . .     Faith    .   b - +0 leather armour
rPois    .         Spirit   .   c - +0 helmet
rElec    .         Reflect  .   (no cloak)
rCorr    .         Harm     .   (no gloves)
MR       .....                  (no boots)
Stlth    +.........             (no amulet)
HPRegen  0.12/turn              (no ring)
MPRegen  0.09/turn              (no ring)

@: drained
A: no striking features
a: no special abilities


You were on level 2 of the Dungeon.
You were near starving.

You visited 1 branch of the dungeon, and saw 3 of its levels.

You collected 82 gold pieces.

Inventory:

Hand Weapons
 a - a +0 war axe (weapon)
Armour
 b - a +0 leather armour (worn)
 c - a +0 helmet (worn)
Scrolls
 e - 2 scrolls of remove curse {unknown}
 h - a scroll of enchant armour {unknown}
 i - 2 scrolls of enchant weapon {unknown}
 k - a scroll of amnesia {unknown}
 l - 2 scrolls of identify {unknown}
 m - 2 scrolls of teleportation {unknown}
Comestibles
 f - 2 rations


   Skills:
 + Level 3.3(2.7) Fighting
 * Level 5.3(4.7) Axes
 - Level 1.7(1.2) Throwing
 + Level 1.7(1.2) Armour
 + Level 2.9(2.3) Dodging


You had 3 spell levels left.
You didn't know any spells.
Your spell library was empty.

Dungeon Overview and Level Annotations

Branches:
Dungeon (3/15)

Altars:
Ru
Sif Muna
Zin

Annotations:
D:2 Crazy Yiuf


Message History

Crazy Yiuf is heavily wounded.
Crazy Yiuf struggles against the net.
The net rips apart, and Crazy Yiuf comes free!
You hit Crazy Yiuf.
Crazy Yiuf is severely wounded.
Crazy Yiuf hits you with a +3 quarterstaff of chaos!
You feel drained.
You hit Crazy Yiuf.
Crazy Yiuf is almost dead.
Crazy Yiuf hits you with a +3 quarterstaff of chaos!
Crazy Yiuf burns you.
Throwing (i - inventory)
d - a throwing net (quivered)
Press: ? - help, Shift-Dir - straight line, f/p - Crazy Yiuf
Aim: Crazy Yiuf, wielding a +3 quarterstaff of chaos and wearing a +0 cloak (almost dead)
You throw a throwing net.
The throwing net barely misses Crazy Yiuf.
Crazy Yiuf hits you with a +3 quarterstaff of chaos.
* * * LOW HITPOINT WARNING * * *
You are electrocuted!
You die...

####### #.....# ##
#.###.###. #.# #.....
#.###)###. ###### ###
#......... ##....## ###..)#
#.#.##...# #......####@g..(#
#......#.# #.......#..##...#
#...##...# #.#....#.### ###
#...###.## #)########
#...###... #.# #.........
#.##################..#.#..#
#.##......(...(..###.###...#
#....#######..##.##...#.#...
####.# #..##.##.........


You could see Crazy Yiuf.

Vanquished Creatures
  Terence (D:2)
  2 adders
  A worm (D:2)
  A dart slug (D:3)
  2 leopard geckos
  An orc (D:3)
  A ball python (D:1)
  3 giant cockroaches
  6 hobgoblins
  2 jackals
  9 kobolds
  A quokka (D:2)
  2 frilled lizards
  5 goblins
  5 rats
42 creatures vanquished.

Notes
Turn   | Place    | Note
-------+----------+-------------------------------------------
     0 | D:1      | Lanoc the Hill Orc Gladiator began the quest for the Orb.
     0 | D:1      | Reached XP level 1. HP: 18/18 MP: 1/1
   199 | D:1      | Reached XP level 2. HP: 22/25 MP: 2/2
   266 | D:2      | Noticed Terence
   272 | D:2      | Killed Terence
   272 | D:2      | Reached skill level 1 in Armour
   272 | D:2      | Reached XP level 3. HP: 29/31 MP: 3/3
   369 | D:3      | Found a sacrificial altar of Ru.
   408 | D:3      | Found a deep blue altar of Sif Muna.
   440 | D:3      | Reached skill level 5 in Axes
   471 | D:3      | Reached XP level 4. HP: 23/38 MP: 4/4
   481 | D:3      | Noticed an ogre
   958 | D:2      | Found a glowing silver altar of Zin.
  1321 | D:2      | Found a runed translucent door.
  1322 | D:2      | Noticed Crazy Yiuf
  1334 | D:2      | Mangled by Crazy Yiuf

Levels and vault maps discovered:
D:1:      onia_arrival_pentagram, layout_basic
D:2:      layout_loops_ring, lemuel_round_altar, uniq_terence,
          uniq_crazy_yiuf_cottage
D:3:      layout_loops_ring, lemuel_coloured_pillars_altar,
          grunt_temple_overflow_open, nemelex_xobeh_ov_fountains_minmay,
          uniq_jessica

Skill      XL: |  1  2  3 |
---------------+----------+-----
Fighting       | 3 |  3.3
Armour         | 1 |  1.7
Axes           | 5 |  5.3
Throwing       | |  1.7
Dodging        | |  2.9

Action                   |  1- 3 |  4- 6 || total
-------------------------+-------+-------++-------
Melee: War axe           |    66 |    62 ||   128
Throw: Throwing net      |       |     3 ||     3
  Use: Potion            |       |     3 ||     3
Armor: Leather armour    |    24 |    11 ||    35
Dodge: Dodged            |    49 |    47 ||    96

Table legend:
 A = Non-vault XP
 B = Vault XP
 C = Vault XP percentage of total XP
 D = Non-vault monster count
 E = Vault monster count
 F = Vault count percentage of total count
                 A         B        C        D         E       F
            +---------+---------+-------+---------+---------+-------
      Total |      99 |      38 |  27.7 |      41 |       1 |   2.4
            +---------+---------+-------+---------+---------+-------
        D:1 |      18 |       0 |   0.0 |      11 |       0 |   0.0
        D:2 |      49 |      38 |  43.7 |      20 |       1 |   4.8
        D:3 |      32 |       0 |   0.0 |      10 |       0 |   0.0
            +---------+---------+-------+---------+---------+-------
